 Dungeon Crawl Stone Soup version 0.30-a0-964-gd452b5e7fa (webtiles) character file.

Game seed: 2636435405653081393

797 vishdafish the Conjurer (level 7, -2/69 HPs)
             Began as a Demonspawn Conjurer on Mar 31, 2023.
             Was a Follower of Vehumet.
             Slain by a gnoll
             ... wielding a +2 halberd of flaming
             ... led by a gnoll bouda
              (8 damage)
             ... on level 5 of the Dungeon.
             The game lasted 00:06:28 (4426 turns).

vishdafish the Conjurer (Demonspawn Conjurer)       Turns: 4426, Time: 00:06:28

Health: -2/69      AC: 23    Str:  9 (11) XL:     7   Next: 58%
Magic:  14/14      EV:  2    Int: 16 (18) God:    Vehumet [*.....]
Gold:   305        SH:  0    Dex: 13 (15) Spells: 15/16 levels left

rFire   . . .      SeeInvis .    l - +6 spear "Xeven" {venom, rN+ Str+4 Int-4 Dex+2}
rCold   . . .      Faith    .    (no shield)
rNeg    + . .      Spirit   .    a - melded +0 robe
rPois   +          Reflect  .    (helmet currently unavailable)
rElec   .          Rampage  .    v - melded +0 cloak
rCorr   .          NoTele   +    (gloves currently unavailable)
Will    .....                    p - melded +0 pair of boots
Stlth   +++                      (no amulet)
HPRegen 0.31/turn                (no ring)
MPRegen 0.28/turn                (no ring)

@: mighty, tree-form, weakened, hasted, very quick
A: stationary, stasis, torment immunity, boosted hp, thin skeletal structure 1,
magic regeneration
a: Renounce Religion


You were on level 5 of the Dungeon.
You worshipped Vehumet.
Vehumet was aware of your devotion.
You were a tree.
You visited 2 branches of the dungeon, and saw 6 of its levels.

You collected 305 gold pieces.

Inventory:

Hand Weapons
 e - a +2 short sword of speed
 l - the +6 spear "Xeven" (weapon) {venom, rN+ Str+4 Int-4 Dex+2}
   (You took it off a hobgoblin on level 2 of the Dungeon)

   Str:       It affects your strength (+4).
   Int:       It affects your intelligence (-4).
   Dex:       It affects your dexterity (+2).
   rN:        It protects you from negative energy.
Armour
 a - a +0 robe (melded)
 p - a +0 pair of boots (melded)
 v - a +0 cloak (melded)
Wands
 q - a wand of polymorph (4)
Scrolls
 c - a scroll of fog
 h - a scroll of enchant weapon {unknown}
 i - 2 scrolls of magic mapping {unknown}
 j - 2 scrolls of identify {unknown}
 k - a scroll of poison {unknown}
 n - a scroll of enchant armour {unknown}
 o - a scroll of fear {unknown}
 t - a scroll of blinking {unknown}
 u - a scroll of immolation {unknown}
 x - a scroll of amnesia {unknown}
Potions
 b - a potion of magic
 f - 2 potions of berserk rage
 g - a potion of lignification
 r - a potion of might
 s - a potion of degeneration


   Skills:
 - Level 3.2 Polearms
 - Level 1.7 Dodging
 - Level 1.7 Stealth
 + Level 5.2 Spellcasting
 + Level 6.7 Conjurations


You had 15 spell levels left.
You knew the following spells:

 Your Spells              Type           Power      Damage    Failure   Level
a - Magic Dart            Conj           100%       1d8       1%          1

Your spell library contained the following spells:

 Spells                   Type           Power      Damage    Failure   Level
 Sandblast                Erth           8%         2d5       16%         1
 Searing Ray              Conj           50%        2d6       1%          2
 Dazzling Flash           Conj/Hex       28%        N/A       12%         3
 Hailstorm                Conj/Ice       14%        3d5       12%         3
 Fulminant Prism          Conj/Hex       7%         3d7       36%         4
 Iskenderun's Mystic Bla  Conj/Tloc      14%        2d5       36%         4
 Ice Form                 Ice/Tmut       4%         N/A       83%         4
 Simulacrum               Ice/Necr       2%         N/A       100%        6


Dungeon Overview and Level Annotations

Branches:
Dungeon (5/15)             Temple (1/1) D:5

Altars:
Ashenzari
Fedhas
Gozag
Kikubaaqudgha
Makhleb
Nemelex Xobeh
Okawaru
Qazlal
Sif Muna
Uskayaw
Vehumet
Wu Jian


Innate Abilities, Weirdness & Mutations

You are a tree.
Your roots penetrate the ground, keeping you stationary.
You cannot be teleported.
You are immune to unholy pain and torment.
Your maximum health is greatly increased.
Your equipment is partially melded.
You have a somewhat thin skeletal structure. (Dex +2, Stealth+)
You regenerate magic rapidly.


Message History

You feel strangely unstable.
The gnoll hits you from afar with a +0 spear.
A gnoll comes into view. It is wielding a +0 spear.
You struggle against the net.
The gnoll hits you from afar with a +2 halberd of flaming!
The gnoll burns you.
The gnoll hits you from afar with a +0 spear.
You struggle against the net.
The gnoll hits you from afar with a +2 halberd of flaming!
* * * LOW HITPOINT WARNING * * *
The gnoll burns you.
* * * LOW HITPOINT WARNING * * *
The gnoll bouda gazes fiercely through you!
You feel your attacks grow feeble.
It was a potion of lignification.
You turn into a tree.
Your +0 cloak melds into your body.
Your +0 pair of boots melds into your body.
Your +0 robe melds into your body.
Your roots penetrate the ground.
You feel strangely stable.
The net rips apart!
The gnoll hits you but does no damage.
It was a potion of might.
You feel very mighty all of a sudden. The gnoll barely misses you.
The gnoll hits you from afar with a +2 halberd of flaming!
* * * LOW HITPOINT WARNING * * *
The gnoll burns you.
* * * LOW HITPOINT WARNING * * *
It was a potion of degeneration.
There was something very wrong with that liquid.
You feel weakened.
You feel dopey.
You feel clumsy.
The gnoll is no longer moving quickly.
The gnoll barely misses you. The gnoll hits you but does no damage.
The gnoll bouda barely misses you. The gnoll hits you but does no damage.
It was a potion of flight.
Your roots keep you in place.
The gnoll is no longer moving quickly.
The gnoll hits you but does no damage. The gnoll barely misses you.
The gnoll hits you but does no damage.
It was a potion of haste.
You feel yourself speed up.
The gnoll is no longer moving quickly.
The gnoll hits you but does no damage.
The gnoll hits you from afar with a +2 halberd of flaming!
You die...

#.############... ###
#................
..#####################..#######.
.................................
.................................
~~~~~~~~~~~~~.......~~...~~~.~.~~
~~~~~~≈~~~~~~~....~~~~~~~~≈~~~~≈≈
≈~≈≈≈~~≈≈≈≈~~~..)..≈~≈≈≈≈≈≈≈~~~≈~
≈≈≈≈~≈~≈≈≈~≈~..g♣.~~≈≈≈≈≈≈≈≈≈≈≈≈≈
###############''################
.. #ggg.#....)..#.....# ...
#....#......)'......
....#########....#########).....
#..........#.)....#......)).....
#....g.....'.)....'......)......
#..........#..)...#............)
....#########....#########......


You could see a gnoll bouda and 3 gnolls.

Vanquished Creatures
  A sky beast (D:5)
  A black bear (D:5)
  2 ogres
  Blork the orc (D:5)
  2 scorpions
  7 gnolls (D:5)
  4 adders
  A shadow imp (D:5)
  An ufetubus (D:5)
  A worm (D:2)
  5 dart slugs
  9 orcs
  3 endoplasms
  4 giant cockroaches
  20 goblins
  22 hobgoblins
  10 jackals
  6 quokkas
  8 ball pythons
  2 bats
  4 frilled lizards
  11 kobolds
  2 rats
127 creatures vanquished.

Vanquished Creatures (others)
  A kobold (D:1)
1 creature vanquished.

Grand Total: 128 creatures vanquished

Notes
Turn   | Place    | Note
-------+----------+-------------------------------------------
     0 | D:1      | vishdafish the Demonspawn Conjurer began the quest for the
                  | Orb.
     0 | D:1      | Reached XP level 1. HP: 13/13 MP: 3/3
   243 | D:1      | Gained mutation: You have a somewhat thin skeletal
                  | structure. (Dex +2, Stealth+) [demonic ancestry]
   243 | D:1      | Reached XP level 2. HP: 19/19 MP: 3/5
   320 | D:1      | Found Quppes's Book Shop.
   926 | D:2      | Found a shimmering blue altar of Sif Muna.
  1110 | D:2      | Reached XP level 3. HP: 24/24 MP: 5/7
  1318 | D:2      | Identified the +6 spear "Xeven" {venom, rN+ Str+4 Int-4
                  | Dex+2}
  1946 | D:3      | Reached XP level 4. HP: 17/30 MP: 8/8
  2179 | D:3      | Found a faded altar of an unknown god.
  2254 | D:4      | Found an iron altar of Okawaru.
  2268 | D:4      | Reached skill level 5 in Conjurations
  2273 | D:4      | Noticed an ogre
  2285 | D:4      | Killed an ogre
  2285 | D:4      | HP: 2/45 [kobold/+0 whip (3)]
  2286 | D:4      | Reached XP level 5. HP: 3/35 MP: 8/10
  2735 | D:4      | Gained mutation: You regenerate magic rapidly. [demonic
                  | ancestry]
  2735 | D:4      | Reached XP level 6. HP: 40/41 MP: 12/12
  3201 | D:5      | Entered Level 5 of the Dungeon
  3201 | D:5      | Found a staircase to the Ecumenical Temple.
  3254 | Temple   | Entered the Ecumenical Temple
  3482 | Temple   | Became a worshipper of Vehumet
  3664 | D:5      | Reached skill level 6 in Conjurations
  3796 | D:5      | Reached skill level 5 in Spellcasting
  3866 | D:5      | Noticed Blork the orc
  3874 | D:5      | Killed Blork the orc
  3875 | D:5      | Reached XP level 7. HP: 37/46 MP: 8/14
  3966 | D:5      | Reached skill level 1 in Polearms
  4035 | D:5      | Reached * piety under Vehumet
  4035 | D:5      | Offered knowledge of Sandblast by Vehumet.
  4426 | D:5      | Slain by a gnoll

Illustrated notes

Levels and vault maps discovered:
D:1:      minmay_arrival_four_loops, layout_loops_ring, serial_shops, shop,
          lemuel_flame_loot_1
D:2:      layout_loops_cross, basic_altar, minmay_splitting_lines
D:3:      layout_rooms, nicolae_overflow_ecumenical_swirl
D:4:      layout_basic, okawaru_trees_2
D:5:      minmay_goblin_kobold_castle, layout_basic, minmay_temple_entry_arrows,
          serial_shops, nicolae_lakefront_shop, amcnicky_mini_pool_medium,
          uniq_blork_the_orc
Temple:   chequers_temple_sunken

Skill      XL: |  1  2  3  4  5  6  7 |
---------------+----------------------+-----
Spellcasting   | 3 4 5 |  5.2
Conjurations   | 5 6 |  6.7
Polearms       | 3 |  3.2
Dodging        | |  1.7
Stealth        | |  1.7

Action                     |  1- 3 |  4- 6 |  7- 9 || total
---------------------------+-------+-------+-------++-------
  Melee: Unarmed           |    32 |       |       ||    32
         Punch             |     1 |     1 |       ||     2
         Short sword       |    40 |       |       ||    40
         Spear             |    32 |   120 |    48 ||   200
   Cast: Magic Dart        |    30 |    16 |    39 ||    85
    Use: Scroll            |       |     4 |     1 ||     5
         Potion            |       |     1 |     5 ||     6
   Stab: Sleeping          |     8 |     7 |       ||    15
         Distracted        |       |     1 |       ||     1
 Armour: Robe              |    17 |    32 |    16 ||    65
         Skin              |       |       |     6 ||     6
  Dodge: Dodged            |    55 |    66 |    50 ||   171

Table legend: (Time is in decaauts)
 A = Elapsed time spent in this place.
 B = Non-inter-level travel time spent in this place.
 C = Inter-level travel time spent in this place.
 D = Time resting spent in this place.
 E = Time spent auto-exploring this place.
 F = Levels seen in this place.
 G = Mean time per level.
                   A        B        C        D        E       F      G
               +--------+--------+--------+--------+--------+-----+--------+
         Total |   4483 |   4263 |    220 |      0 |   3542 |   6 |  747.2 |
       Dungeon |   4180 |   4008 |    172 |      0 |   3296 |   5 |  836.0 |
        Temple |    303 |    255 |     48 |      0 |    246 |   1 |  303.0 |
               +--------+--------+--------+--------+--------+-----+--------+

Top non-repeatable levels by time:
     D:4: 972 daAuts
     D:5: 972 daAuts
     D:1: 876 daAuts
     D:2: 851 daAuts
     D:3: 507 daAuts
  Temple: 303 daAuts
